 Dungeon Crawl Stone Soup version 0.16.2-2-g470672f (webtiles) character file.

221 dvd the Sneak (level 5, 0/36 HPs)
             Began as a Vampire Enchanter on Aug 28, 2015.
             Killed from afar by an orc wizard (2 damage)
             ... with a puff of flame
             ... on level 4 of the Dungeon.
             The game lasted 00:20:36 (2532 turns).

dvd the Sneak (Vampire Enchanter)                   Turns: 2532, Time: 00:20:36

Health: 0/36       AC:  4    Str:  7    XL:     5   Next: 65%
Magic:  2/11       EV: 13    Int: 18    God:
Gold:   87         SH:  0    Dex: 14    Spells: 3 memorised, 5 levels left

rFire  + . .     SeeInvis +     a - +1 dagger
rCold  + . .     Clarity  .     b - +2 robe
rNeg   + . .     SustAb   .     (no shield)
rPois  +         Gourm    .     (no helmet)
rElec  +         Spirit   .     (no cloak)
rCorr  +         Warding  .     (no gloves)
rMut   .         Stasis   .     (no boots)
MR     .....                    (no amulet)
Stlth  ++++......               (no ring)
                                h - ring of positive energy

@: lethally poisoned (0 -> -4), resistant, very slightly contaminated,
regenerating quickly, not resistant to hostile enchantments, stealthy
A: bottle blood, fangs 3, see invisible, unbreathing
a: no special abilities


You were on level 4 of the Dungeon.
You were very full.

You visited 1 branch of the dungeon, and saw 4 of its levels.

You collected 87 gold pieces.

Inventory:

Hand weapons
 a - a +1 dagger (weapon)
 f - a +0 long sword
Armour
 b - a +2 robe (worn)
 n - a +0 robe
Jewellery
 h - a ring of positive energy (left hand)
Scrolls
 d - 2 scrolls of identify
 e - a scroll of fog
Books
 c - a book of Maledictions

   Spells                             Type                      Level
   a - Corona                         Hexes                        1
   b - Sure Blade                     Hexes/Charms                 2
   c - Ensorcelled Hibernation        Hexes/Ice                    2
   d - Confuse                        Hexes                        3
   e - Dazzling Spray                 Conjuration/Hexes            3
   f - Enslavement                    Hexes                        4


   Skills:
 + Level 0.6 Fighting
 + Level 2.1 Short Blades
 + Level 2.4 Dodging
 + Level 6.8 Stealth
 + Level 3.0 Spellcasting
 + Level 5.4 Hexes
 + Level 0.4 Charms
 + Level 1.2 Ice Magic


You had 5 spell levels left.
You knew the following spells:

 Your Spells              Type           Power        Failure   Level  Hunger
a - Corona                Hex            ###....      1%          1    None
b - Ensorcelled Hibernat  Hex/Ice        ##....       8%          2    ##.....
c - Sure Blade            Hex/Chrm       ##........   10%         2    ##.....


Dungeon Overview and Level Annotations

Branches:
Dungeon (4/15)
 Temple: D:4-7

Altars:
Nemelex Xobeh
The Shining One


Innate Abilities, Weirdness & Mutations

Your natural rate of healing is unusually fast.
You can bottle blood from corpses.
You have razor-sharp teeth.
You have supernaturally acute eyesight.
You can survive without breathing.


Message History

The helpless worker ant fails to defend itself.
You impale the worker ant!!
You kill the worker ant!
* * * LOW HITPOINT WARNING * * *
You feel sick.
You hit the orc wizard.
The orc wizard is moderately wounded.
* * * LOW HITPOINT WARNING * * *
You feel sick.
* * * LOW HITPOINT WARNING * * *
You feel sick.
You hit the orc wizard but do no damage.
The orc wizard is moderately wounded.
* * * LOW HITPOINT WARNING * * *
You feel sick. The orc wizard closely misses you.
An adder skeleton comes into view.
Shadows whirl around the orc wizard...
The orc wizard casts a spell at you. The puff of flame hits you! You resist.
You die...

#.....# #.. ##.....#
#...>.. #......# #Z......
#......# ##........
#......# ........?.
##.....## #.........
##.....## .K.......
#.......##### ##.o..(....
#...##...##.###o@........
...# #.......†.b#........
... ###......#####......
..###.....)...# #.....
.##...)......## .....
.........)...÷.# ...
#......)......## .
##.............#
#.............#


You could see an orc wizard (invisible), an orc, a bat, a kobold and an adder
skeleton (dormant).

Vanquished Creatures
  A hound (D:4)
  An orc priest (D:4)
  A worker ant (D:4)
  A giant mite (D:1)
  5 adders
  2 worms
  6 giant geckos
  2 oozes
  3 orcs (D:4)
  5 giant cockroaches
  6 goblins
  3 hobgoblins (D:1)
  3 jackals (D:3)
  4 ball pythons
  9 bats
  2 giant newts (D:1)
  8 kobolds
  10 rats
72 creatures vanquished.

Notes
Turn   | Place    | Note
--------------------------------------------------------------
     0 | D:1      | dvd, the Vampire Enchanter, began the quest for the Orb.
     0 | D:1      | Reached XP level 1. HP: 13/13 MP: 3/3
   234 | D:1      | Reached XP level 2. HP: 19/19 MP: 2/4
   238 | D:1      | Learned a level 2 spell: Ensorcelled Hibernation
   260 | D:1      | Found a glowing golden altar of the Shining One.
   412 | D:1      | Reached skill level 5 in Hexes
   481 | D:1      | Reached skill level 5 in Stealth
   712 | D:1      | Reached XP level 3. HP: 16/25 MP: 3/6
  1272 | D:2      | Found a sparkling altar of Nemelex Xobeh.
  1330 | D:2      | Reached XP level 4. HP: 29/31 MP: 1/8
  1710 | D:3      | Learned a level 2 spell: Sure Blade
  2473 | D:4      | Reached skill level 6 in Stealth
  2473 | D:4      | Reached skill level 1 in Ice Magic
  2473 | D:4      | Reached XP level 5. HP: 36/36 MP: 7/10
  2532 | D:4      | Killed from afar by an orc wizard

Action                   |  1- 3 |  4- 6 || total
-------------------------+-------+-------++-------
Melee: Dagger            |    93 |    79 ||   172
 Cast: Corona            |     7 |       ||     7
       Ensorcelled Hiber |    16 |    30 ||    46
       Sure Blade        |       |     1 ||     1
  Use: Scroll            |       |     6 ||     6
       Potion            |       |     3 ||     3
 Stab: Sleeping          |    17 |    31 ||    48
  Eat: Corpse            |     9 |     8 ||    17
